 Dungeon Crawl Stone Soup version 0.22.1-1-ga44c0e5 (webtiles) character file.

5656 Gildeon the Grappler (level 10, -1/104 HPs)
             Began as a Troll Monk on Oct 28, 2018.
             Was an Elder of Makhleb.
             Killed from afar by Erica (18 damage)
             ... with a bolt of poison
             ... on level 9 of the Dungeon.
             The game lasted 00:24:54 (6320 turns).

Gildeon the Grappler (Troll Monk)                   Turns: 6320, Time: 00:24:54

Health: -1/104     AC:  9    Str: 21    XL:     10   Next: 46%
Magic:  12/12      EV: 16    Int:  9    God:    Makhleb [****..]
Gold:   112        SH:  0    Dex: 17    Spells: 6/9 levels left

rFire    . . .     SeeInvis .     - Unarmed
rCold    + . .     Gourm    +   (no shield)
rNeg     . . .     Faith    .   a - +2 robe
rPois    .         Spirit   .   (helmet restricted)
rElec    .         Reflect  .   (no cloak)
rCorr    .         Harm     .   (gloves unavailable)
MR       .....                  (boots unavailable)
Stlth    ++........             (no amulet)
HPRegen  0.67/turn              f - ring of protection from cold
MPRegen  0.13/turn              h - +2 ring of protection

@: confused, agile, lethally poisoned (-1 -> -3), about to teleport, slowed,
very slow
A: large, unfitting armour, claws 3, fast metabolism 3, gourmand, regeneration
1, shaggy fur 1, tough skin 2
a: Minor Destruction, Lesser Servant of Makhleb, Major Destruction, Renounce
Religion


You were on level 9 of the Dungeon.
You worshipped Makhleb.
Makhleb was greatly pleased with you.
You were very full.

You visited 2 branches of the dungeon, and saw 10 of its levels.

You collected 408 gold pieces.
You spent 296 gold pieces at shops.

Inventory:

Hand Weapons
 o - the +1 spear of Makhleb's Supremacy {freeze, -Tele rC+++ MR+ Str+2}
   (You found it on level 5 of the Dungeon)

   It has been specially enchanted to freeze those struck by it, causing extra
   injury to most foes and up to half again as much damage against particularly
   susceptible opponents.
   It can also slow down cold-blooded creatures.
   It affects your strength (+2).
   It renders you almost immune to cold.
   It affects your resistance to hostile enchantments.
   It prevents most forms of teleportation.
 q - a +1 giant club
 v - a +2 whip of flaming
Armour
 a - a +2 robe (worn)
Jewellery
 f - a ring of protection from cold (left claw)
 h - a +2 ring of protection (right claw)
 r - an uncursed ring of wizardry
Wands
 c - a wand of enslavement (21)
 p - a wand of disintegration (18)
Scrolls
 k - 4 scrolls of teleportation
 l - 3 scrolls of blinking
 s - 3 scrolls of remove curse
 u - 2 scrolls of identify
Potions
 e - 7 potions of curing
 g - a potion of agility
 i - a potion of brilliance
 j - 3 potions of resistance
 m - a potion of flight
 n - a potion of cancellation
Comestibles
 b - 22 rations
 d - 2 chunks of flesh


   Skills:
 + Level 8.3 Fighting
 - Level 3.0 Armour
 - Level 3.0 Dodging
 - Level 1.0 Stealth
 + Level 9.8 Unarmed Combat
 + Level 0.3 Spellcasting
 - Level 1.0 Charms
 - Level 1.5 Ice Magic
 - Level 4.0 Invocations
 - Level 3.1 Evocations


You had 6 spell levels left.
You knew the following spells:

 Your Spells              Type           Power        Failure   Level  Hunger
a - Ozocubu's Armour      Chrm/Ice       #.......     56%         3    ####...

Your spell library contained the following spells:

 Spells                   Type           Power        Failure   Level  Hunger
 Freeze                   Ice            #...         21%         1    ##.....
 Throw Frost              Conj/Ice       #.....       41%         2    ###....
 Summon Ice Beast         Ice/Summ       #.......     96%         4    #####..
 Throw Icicle             Conj/Ice       #.......     96%         4    #####..


Dungeon Overview and Level Annotations

Branches:
Dungeon (9/15)             Temple (1/1) D:5
   Lair: D:8-11         Orc: D:9-12

Altars:
Ashenzari
Cheibriados
Dithmenos
Elyvilon
Fedhas
Gozag
Hepliaklqana
Makhleb
Nemelex Xobeh
Okawaru
Qazlal
Ru
Sif Muna
Trog
Uskayaw
Vehumet
Wu Jian
Yredelemnul
Zin
The Shining One

Shops:
D:9 ?

Annotations:
D:9 Erica


Innate Abilities, Weirdness & Mutations

You are too large for most types of armour.
You have claws for hands.
Your metabolism is lightning-fast.
You like to eat raw meat.
Your natural rate of healing is unusually fast.
You are covered in fur. (AC +1)
You have very tough skin. (AC +2)


Message History

The orb of energy hits you!
* * * LOW HITPOINT WARNING * * *
The orb of energy explodes!
Something hits you.
* * * LOW HITPOINT WARNING * * *
Something burns you.
* * * LOW HITPOINT WARNING * * *
As you read the scroll of teleportation, it crumbles to dust.
You feel strangely unstable. Something hits you!
* * * LOW HITPOINT WARNING * * *
Something burns you.
* * * LOW HITPOINT WARNING * * *
You hear some strange, mumbled words.
You are confused.
Things that are here:
an enchanted dagger; a robe You hear some strange, mumbled words.
A bolt of poison appears from out of thin air!
The bolt of poison hits you!
You are poisoned.
You die...

#.#.#.#.#.# ##.#.#.#.#.
#.#.#.#.#.# ##.#.#.#.#.
##########.#.#.#.#.#
#.........#.#.#)#.#.
#.########.#.#.#.#.#
#.##.##...#.#.#.#.#.
#..@.##.##.#.#.#.#.#
####)##.###.#.#.#.#.
##########)##.##.#[#.#.#.#
.........).##>..#.#[#.#.#.
#........#######.#.#.#.#.#
+........<# ##.#.#.#.#.
#.......$.# #.#.#.#.#.#
#.........# ##.#.#.#.#.
#........## #.#.#.#'#.#


There were no monsters in sight!

Vanquished Creatures
  A two-headed ogre (D:8)
  Pikel (D:9)
  A hornet (D:9)
  2 hippogriffs
  6 yaks (D:6)
  A water moccasin (D:7)
  2 orc warriors (D:8)
  A sky beast (D:4)
  4 slaves (D:9)
  3 ice beasts
  2 black bears
  A necrophage (D:9)
  4 ogres
  2 centaurs (D:5)
  Blork the orc (D:4)
  4 bullfrogs
  A scorpion (D:4)
  5 wights (D:9)
  6 killer bees (D:7)
  A bullfrog zombie (D:5)
  3 howler monkeys (D:7)
  2 crimson imps
  A jelly (D:9)
  A centaur zombie (D:9)
  A bullfrog skeleton (D:6)
  A hound (D:9)
  An orc priest (D:8)
  An orc wizard (D:8)
  Terence (D:2)
  Natasha (twice) (D:2)
  3 iguanas
  4 worker ants
  A killer bee zombie (D:5)
  2 hound zombies (D:5)
  2 worker ant zombies
  6 adders
  3 gnolls (D:3)
  2 shadow imps
  2 oozes
  An adder skeleton (D:8)
  A worm (D:3)
  A dart slug (D:3)
  3 leopard geckos
  12 orcs
  2 bats (D:2)
  5 giant cockroaches
  4 goblins
  6 hobgoblins
  12 jackals
  A kobold (D:3)
  3 quokkas
  3 ball pythons
  3 frilled lizards
  A leopard gecko skeleton (D:7)
  8 rats
154 creatures vanquished.

Notes
Turn   | Place    | Note
-------+----------+-------------------------------------------
     0 | D:1      | Gildeon the Troll Monk began the quest for the Orb.
     0 | D:1      | Reached XP level 1. HP: 22/22 MP: 0/0
   357 | D:1      | Reached XP level 2. HP: 29/29 MP: 1/1
   467 | D:2      | Noticed Natasha
   473 | D:2      | Killed Natasha
   473 | D:2      | Reached XP level 3. HP: 37/37 MP: 2/2
  1024 | D:2      | Noticed Natasha
  1032 | D:2      | Killed Natasha
  1032 | D:2      | Reached skill level 4 in Unarmed Combat
  1032 | D:2      | Reached XP level 4. HP: 34/45 MP: 3/3
  1058 | D:2      | Noticed Terence
  1066 | D:2      | Killed Terence
  1313 | D:3      | Found a blossoming altar of Fedhas.
  1359 | D:3      | Reached XP level 5. HP: 39/54 MP: 4/4
  1435 | D:3      | Found a burning altar of Makhleb.
  1442 | D:3      | Found a snail-covered altar of Cheibriados.
  1442 | D:3      | Found an opulent altar of Gozag.
  1444 | D:3      | Found a glowing golden altar of the Shining One.
  1454 | D:3      | Became a worshipper of Makhleb the Destroyer
  1454 | D:3      | Reached * piety under Makhleb
  1454 | D:3      | Reached ** piety under Makhleb
  2035 | D:4      | Found a basalt altar of Yredelemnul.
  2089 | D:4      | Found a basalt altar of Yredelemnul.
  2101 | D:4      | Noticed a sky beast
  2102 | D:4      | Noticed Blork the orc
  2118 | D:4      | Killed a sky beast
  2118 | D:4      | Reached skill level 5 in Unarmed Combat
  2118 | D:4      | Reached skill level 1 in Invocations
  2118 | D:4      | Reached XP level 6. HP: 55/62 MP: 4/6
  2129 | D:4      | Killed Blork the orc
  2162 | D:4      | Reached skill level 1 in Armour
  2213 | D:4      | Noticed a moth of wrath
  2216 | D:4      | Found a bloodstained altar of Trog.
  2328 | D:4      | Reached XP level 7. HP: 54/71 MP: 7/7
  2516 | D:5      | Entered Level 5 of the Dungeon
  2546 | D:5      | Got a warped spear
  2547 | D:5      | Identified the +1 spear of Makhleb's Supremacy {freeze,
                  | -Tele rC+++ MR+ Str+2} (You found it on level 5 of the
                  | Dungeon)
  2567 | D:5      | Found a staircase to the Ecumenical Temple.
  2580 | Temple   | Entered the Ecumenical Temple
  2836 | D:5      | Reached skill level 1 in Evocations
  2861 | D:5      | Reached skill level 5 in Fighting
  2861 | D:5      | Reached skill level 6 in Unarmed Combat
  2885 | D:5      | Reached *** piety under Makhleb
  3391 | D:5      | Reached XP level 8. HP: 64/81 MP: 8/8
  3553 | D:6      | Found an ornate altar of the Wu Jian Council.
  3932 | D:6      | Reached skill level 7 in Unarmed Combat
  3961 | D:6      | Reached XP level 9. HP: 38/92 MP: 10/10
  4281 | D:7      | Reached skill level 8 in Unarmed Combat
  4303 | D:7      | Found a sparkling altar of Nemelex Xobeh.
  4728 | D:7      | Found an iron altar of Okawaru.
  5093 | D:8      | Found a shadowy altar of Dithmenos.
  5244 | D:8      | Reached **** piety under Makhleb
  5567 | D:8      | Learned a level 3 spell: Ozocubu's Armour
  5600 | D:8      | Reached skill level 9 in Unarmed Combat
  5712 | D:8      | Noticed a two-headed ogre
  5722 | D:8      | Killed a two-headed ogre
  5722 | D:8      | Reached XP level 10. HP: 102/104 MP: 12/12
  6165 | D:9      | Found Foufrisch's Magic Scroll Shoppe.
  6168 | D:9      | Bought a scroll of blinking for 82 gold pieces
  6168 | D:9      | Bought a scroll of identify for 22 gold pieces
  6168 | D:9      | Bought a scroll of blinking for 82 gold pieces
  6168 | D:9      | Bought a scroll of teleportation for 33 gold pieces
  6168 | D:9      | Bought a scroll of teleportation for 33 gold pieces
  6168 | D:9      | Bought a scroll of identify for 22 gold pieces
  6168 | D:9      | Bought a scroll of identify for 22 gold pieces
  6187 | D:9      | Noticed Pikel
  6196 | D:9      | Killed Pikel
  6196 | D:9      | Reached skill level 1 in Ice Magic
  6246 | D:9      | Paralysed by a hornet for 3 turns
  6256 | D:9      | Reached skill level 1 in Charms
  6286 | D:9      | Noticed Erica
  6320 | D:9      | Killed from afar by Erica

Skill      XL: |  1  2  3  4  5  6  7  8  9 10 |
---------------+-------------------------------+-----
Fighting       | 3 4 5 6 7 8 |  8.3
Unarmed Combat | 4 5 6 7 9 |  9.8
Invocations    | 1 2 3 4 |  4.0
Armour         | 1 2 3 |  3.0
Evocations     | 1 2 3 |  3.1
Dodging        | 3 |  3.0
Ice Magic      | 1 |  1.5
Charms         | 1 |  1.0
Stealth        | |  1.0
Spellcasting   | |  0.3

Action                   |  1- 3 |  4- 6 |  7- 9 | 10-12 || total
-------------------------+-------+-------+-------+-------++-------
Melee: Unarmed           |    37 |   112 |   247 |    95 ||   491
       Punch             |       |     4 |    16 |     2 ||    22
  Use: Scroll            |     3 |    10 |     7 |     3 ||    23
       Potion            |       |       |     2 |     2 ||     4
 Stab: Sleeping          |       |     1 |     2 |     1 ||     4
       Distracted        |       |       |       |     1 ||     1
  Eat: Chunk             |    15 |    12 |    31 |     4 ||    62
Armor: Robe              |    19 |    43 |    80 |    25 ||   167
Dodge: Dodged            |    21 |    47 |    98 |    39 ||   205
